 Dungeon Crawl Stone Soup version 0.29.0-4-gdea44cf6ec (webtiles) character file.

Game seed: 2072413393859315060

78 qw the Chopper (level 4, -3/26 HPs)
             Began as a Tengu Warper on Aug 28, 2022.
             Succumbed to Crazy Yiuf's poison
             ... on level 2 of the Dungeon.
             The game lasted 00:00:11 (2166 turns).

qw the Chopper (Tengu Warper)                       Turns: 2166, Time: 00:00:12

Health: -3/26      AC:  6    Str: 13    XL:     4   Next: 36%
Magic:  8/8        EV:  9    Int: 14    God:
Gold:   95         SH:  0    Dex: 13    Spells: 7/7 levels left

rFire   . . .      SeeInvis .   Y - +1 hand axe (venom)
rCold   . . .      Faith    .   (no shield)
rNeg    . . .      Spirit   .   k - +0 scale mail
rPois   .          Reflect  .   (helmet restricted)
rElec   .          Harm     .   (no cloak)
rCorr   .          Rampage  .   (no gloves)
Will    .....                   (boots unavailable)
Stlth   ..........              (no amulet)
HPRegen 0.08/turn               (no ring)
MPRegen 0.11/turn               (no ring)

@: lethally poisoned (-3 -> -24), invisible
A: beak, talons 3
a: no special abilities


You were on level 2 of the Dungeon.
You visited 1 branch of the dungeon, and saw 2 of its levels.

You collected 95 gold pieces.


Innate Abilities, Weirdness & Mutations

You have a beak for a mouth.
You have claws for feet.


   Skills:
 - Level 2.0 Fighting
 + Level 4.9 Axes
 - Level 1.0 Throwing
 - Level 1.1 Armour
 - Level 2.1 Dodging
 - Level 2.0 Spellcasting
 - Level 2.4 Translocations


You had 7 spell levels left.
You didn't know any spells.
Your spell library contained the following spells:

 Spells                   Type           Power      Damage    Failure   Level
 Blink                    Tloc           16%        N/A       54%         2
 Gell's Gravitas          Tloc           8%         N/A       78%         3
 Lesser Beckoning         Tloc           8%         N/A       78%         3
 Teleport Other           Tloc           8%         N/A       78%         3
 Manifold Assault         Tloc           8%         N/A       100%        5

Inventory:

Hand Weapons
 f - a +0 whip
 Y - a +1 hand axe of venom (weapon)
Missiles
 g - 6 boomerangs (quivered)
Armour
 k - a +0 scale mail (worn)
Scrolls
 a - 2 scrolls of enchant armour
 i - a scroll of identify
Potions
 e - a potion of cancellation {unknown}
 l - a potion of brilliance {unknown}
 n - a potion of flight {unknown}
 o - a potion of mutation {unknown}

Dungeon Overview and Level Annotations

Branches:
Dungeon (2/15)

Altars:


Message History

c - a potion of lignification
2027 ||| IDENTIFYING glowing golden potion
2028 ||| DROPPING potion of lignification.
You drop a potion of lignification.
(D) Dungeon
Where to? (* - list waypoints, Enter - D:2, ? - help)
What level of the Dungeon? (default 1, ? - help) Crazy Yiuf says, "Millenium head return to song!"
There is a stone staircase leading up here.
You climb upwards.
There is a stone staircase leading down here.
Done exploring.
There is a stone staircase leading down here.
(D) Dungeon
Where to? (* - list waypoints, Enter - D:1 @ (x,y), ? - help)
You climb downwards.
Level annotation: 1 runed translucent door, Crazy Yiuf
There is a stone staircase leading up here.
Crazy Yiuf shouts!
Things that are here:
a potion of lignification; a +0 ring mail Could not explore, unopened runed door.
Could not explore, unopened runed door.
2162 ||| Stepping randomly (stuck).
You open the door. You hit Crazy Yiuf but do no damage.
Crazy Yiuf is poisoned.
You claw Crazy Yiuf, but do no damage.
Crazy Yiuf screams, "Blight snail shrimp!"
Crazy Yiuf hits you with a +2 quarterstaff of chaos!
You fade into invisibility!
You hit Crazy Yiuf. You claw Crazy Yiuf. Your peck misses Crazy Yiuf.
Crazy Yiuf is heavily wounded.
Crazy Yiuf drinks a potion.
Crazy Yiuf seems to grow stronger.
Crazy Yiuf barely misses you.
You hit Crazy Yiuf. You peck Crazy Yiuf, but do no damage.
Crazy Yiuf is severely wounded.
Crazy Yiuf hits you with a +2 quarterstaff of chaos!
Ouch! That really hurt!
You are lethally poisoned!
You hit Crazy Yiuf.
You kill Crazy Yiuf!
You die...

#######.# #..##### ###
#.......# #......# #
#<.....## #......#
#......# ########
#......# #......#
77777### #......# ###
777.7..#.## #......#
#...#7..7......## #
#......#
#...)@7777......######
#......# #)..#77
77.#...##.... #......#
### 77##.....###
######.# #...### #.#
##..##### #.# ####
#.......# #.## #..#
#.#####.# #..# #..#
####.#####.. ##)#
##.### #..(.##.....


There were no monsters in sight!

Vanquished Creatures
  Crazy Yiuf (D:2)
  Robin (D:2)
  An adder (D:2)
  3 dart slugs (D:1)
  3 ball pythons (D:1)
  5 bats
  2 endoplasms
  A giant cockroach (D:1)
  11 goblins
  11 hobgoblins
  2 frilled lizards
  5 kobolds
  2 rats
48 creatures vanquished.

Notes
Turn   | Place    | Note
-------+----------+-------------------------------------------
     0 | D:1      | qw the Tengu Warper began the quest for the Orb.
     0 | D:1      | Reached XP level 1. HP: 12/12 MP: 4/4
     0 | D:1      | 0 ||| qw: Version: 0.1-a-89-g26bdef1
     0 | D:1      | 0 ||| qw: Game counter: 3162
     0 | D:1      | 0 ||| qw: Always use a shield: true
     0 | D:1      | 0 ||| qw: God list: Okawaru
     0 | D:1      | 0 ||| qw: Allow faded altars: false
     0 | D:1      | 0 ||| qw: Do Orc after D:15 true
     0 | D:1      | 0 ||| qw: Do second Lair branch before Depths: true
     0 | D:1      | 0 ||| qw: Lair rune preference: random
     0 | D:1      | 0 ||| qw: Plans: Normal
     0 | D:1      | 0 ||| PLANNING D:1-11
   126 | D:1      | Reached skill level 3 in Axes
   126 | D:1      | Reached XP level 2. HP: 17/17 MP: 6/6
   222 | D:1      | Found a faded altar of an unknown god.
   329 | D:1      | 329 ||| Stepping ~*~*~tactically~*~*~ (stealth).
   356 | D:1      | 356 ||| Stepping ~*~*~tactically~*~*~ (stealth).
   357 | D:1      | 357 ||| Stepping ~*~*~tactically~*~*~ (stealth).
   358 | D:1      | 358 ||| Stepping ~*~*~tactically~*~*~ (stealth).
   365 | D:1      | 365 ||| Stepping ~*~*~tactically~*~*~ (stealth).
   366 | D:1      | 366 ||| Stepping ~*~*~tactically~*~*~ (stealth).
   368 | D:1      | 368 ||| Stepping ~*~*~tactically~*~*~ (stealth).
   371 | D:1      | 371 ||| Stepping ~*~*~tactically~*~*~ (stealth).
   372 | D:1      | 372 ||| Stepping ~*~*~tactically~*~*~ (stealth).
   376 | D:1      | 376 ||| Stepping ~*~*~tactically~*~*~ (stealth).
   377 | D:1      | 377 ||| Stepping ~*~*~tactically~*~*~ (stealth).
   380 | D:1      | 380 ||| Stepping ~*~*~tactically~*~*~ (stealth).
   381 | D:1      | 381 ||| Stepping ~*~*~tactically~*~*~ (stealth).
   382 | D:1      | 382 ||| Stepping ~*~*~tactically~*~*~ (stealth).
   386 | D:1      | 386 ||| Stepping ~*~*~tactically~*~*~ (stealth).
   387 | D:1      | 387 ||| Stepping ~*~*~tactically~*~*~ (stealth).
   660 | D:1      | Reached XP level 3. HP: 16/21 MP: 7/7
   869 | D:1      | 869 ||| Stepping ~*~*~tactically~*~*~ (hiding).
  1043 | D:1      | Reached skill level 4 in Axes
  1190 | D:1      | 1190 ||| UPGRADING to +0 ring mail.
  1200 | D:1      | 1200 ||| DROPPING +0 leather armour.
  1201 | D:1      | 1201 ||| READING 2 scrolls labelled ZIREEP HOITH.
  1202 | D:1      | 1202 ||| READING scroll labelled IQIOSTR WIEPTUY.
  1203 | D:1      | 1203 ||| READING scroll labelled IMOTZURROY.
  1204 | D:1      | 1204 ||| READING scroll labelled JENAM YMNEURI.
  1205 | D:1      | 1205 ||| READING scroll labelled IFUGGE HIEKE.
  1206 | D:1      | 1206 ||| READING scroll labelled AMNE WAADEARAFEOR.
  1207 | D:1      | 1207 ||| READING scroll labelled IHACZI IJERO.
  1208 | D:1      | 1208 ||| READING scroll labelled CYVUUN WOUSK.
  1209 | D:1      | 1209 ||| DROPPING scroll of blinking.
  1272 | D:2      | 1272 ||| Stepping ~*~*~tactically~*~*~ (stealth).
  1275 | D:2      | Noticed Robin
  1276 | D:2      | 1276 ||| Stepping ~*~*~tactically~*~*~ (hiding).
  1284 | D:2      | Killed Robin
  1286 | D:2      | 1286 ||| Stepping ~*~*~tactically~*~*~ (stealth).
  1287 | D:2      | 1287 ||| Stepping ~*~*~tactically~*~*~ (stealth).
  1300 | D:2      | Reached XP level 4. HP: 23/26 MP: 8/8
  1500 | D:2      | Found a runed translucent door.
  1501 | D:2      | Noticed Crazy Yiuf
  1774 | D:2      | 1774 ||| UPGRADING to +0 scale mail.
  1784 | D:2      | 1784 ||| DROPPING +0 ring mail.
  1785 | D:2      | 1785 ||| READING scroll labelled KIDUMAI RUIGH.
  1924 | D:2      | 1924 ||| READING scroll labelled OSCHAL MOOL.
  2025 | D:2      | 2025 ||| READING scroll labelled KAUJOTZ AVVAR.
  2026 | D:2      | 2026 ||| READING scroll labelled LIEWKAISOM.
  2027 | D:2      | 2027 ||| READING 2 scrolls of identify.
  2027 | D:2      | 2027 ||| IDENTIFYING glowing golden potion
  2028 | D:2      | 2028 ||| DROPPING potion of lignification.
  2162 | D:2      | 2162 ||| Stepping randomly (stuck).
  2165 | D:2      | HP: 2/26 [Crazy Yiuf/+2 quarterstaff of chaos (13)]
  2166 | D:2      | Killed Crazy Yiuf
  2166 | D:2      | Succumbed to Crazy Yiuf's poison

Levels and vault maps discovered:
D:1:      minmay_arrival_nine_rooms, layout_loops_cross,
          chequers_ecumenical_altar_simple
D:2:      layout_rooms, item_on_display_a, uniq_crazy_yiuf_cottage, uniq_robin

Skill      XL: |  1  2  3 |
---------------+----------+-----
Axes           | 3 4 |  4.9
Fighting       | |  2.0
Throwing       | |  1.0
Armour         | |  1.1
Dodging        | |  2.1
Spellcasting   | |  2.0
Translocations | |  2.4

Action                   |  1- 3 |  4- 6 || total
-------------------------+-------+-------++-------
Melee: Hand axe          |    63 |    16 ||    79
       Kick              |    13 |     4 ||    17
       Peck              |    14 |     2 ||    16
       Punch             |     1 |       ||     1
Throw: Boomerang         |     7 |    14 ||    21
  Use: Scroll            |     8 |     5 ||    13
Armor: Leather armour    |    12 |       ||    12
       Ring mail         |     3 |     5 ||     8
Dodge: Dodged            |    44 |     7 ||    51

Table legend:
 A = Non-vault XP
 B = Vault XP
 C = Vault XP percentage of total XP
 D = Non-vault monster count
 E = Vault monster count
 F = Vault count percentage of total count
                 A         B        C        D         E       F
            +---------+---------+-------+---------+---------+-------
      Total |      73 |      79 |  52.0 |      34 |      14 |  29.2
            +---------+---------+-------+---------+---------+-------
        D:1 |      45 |       0 |   0.0 |      23 |       0 |   0.0
        D:2 |      28 |      79 |  73.8 |      11 |      14 |  56.0
            +---------+---------+-------+---------+---------+-------
